 Dungeon Crawl Stone Soup version 0.18.1-50-g88ac8fd (webtiles) character file.

416 Kokiki the Chopper (level 6, -5/52 HPs)
             Began as a Ghoul Gladiator on Sept 16, 2016.
             Was a Follower of Okawaru.
             Killed from afar by an orc priest (18 damage)
             ... with a wand of acid
             ... on level 3 of the Dungeon.
             The game lasted 00:17:11 (1754 turns).

Kokiki the Chopper (Ghoul Gladiator)                Turns: 1754, Time: 00:17:11

Health: -5/52      AC:  5    Str: 20    XL:     6   Next: 92%
Magic:  5/5        EV: 13    Int:  3    God:    Okawaru [*.....]
Gold:   110        SH:  3    Dex: 10    Spells: 0 memorised, 5 levels left

rFire  . . .     SeeInvis .     a - +0 war axe
rCold  + . .     Gourm    .     b - +0 leather armour
rNeg   + + +     Faith    .     (no shield)
rPois  ∞         Spirit   .     c - +1 helmet
rElec  .         Dismiss  .     (no cloak)
rCorr  .         Reflect  +     (no gloves)
SustAt .         Harm     .     (no boots)
MR     .....                    f - +3 amulet of reflection
Stlth  +.........               (no ring)
                                (no ring)

@: rotting, not resistant to hostile enchantments, very unstealthy
A: rotting body, claws 1, carnivore 3, cold resistance 1, negative energy
resistance 3, slow regeneration 1, torment resistance, unbreathing
a: Heroism, Renounce Religion


You were on level 3 of the Dungeon.
You worshipped Okawaru.
Okawaru was aware of your devotion.
You were not hungry.

You visited 1 branch of the dungeon, and saw 3 of its levels.

You collected 110 gold pieces.

Inventory:

Hand Weapons
 a - a +0 war axe (weapon)
Missiles
 d - 3 throwing nets (quivered)
Armour
 b - a +0 leather armour (worn)
 c - a +1 helmet (worn)
Jewellery
 f - a +3 amulet of reflection (around neck)
Scrolls
 e - 2 scrolls of magic mapping
Potions
 g - a potion of curing
 i - a potion of flight
 k - a potion of agility {unknown}
 n - a potion of heal wounds {unknown}
 o - a potion of lignification {unknown}


   Skills:
 * Level 4.1 Fighting
 + Level 4.3 Axes
 - Level 2.0 Throwing
 + Level 2.3 Armour
 + Level 4.1 Dodging
 - Level 0.2 Stealth


You had 5 spell levels left.
You didn't know any spells.

Dungeon Overview and Level Annotations

Branches:
Dungeon (3/15)

Altars:
Makhleb
Okawaru


Innate Abilities, Weirdness & Mutations

Your body is rotting away.
You thrive on raw meat.
You are immune to poison.
You have sharp fingernails.
You are carnivorous and can eat meat at any time.
Your flesh is cold resistant.
You are immune to negative energy.
You regenerate slowly when monsters are visible.
You are immune to unholy pain and torment.
You can survive without breathing.


Message History

The orc priest is moderately wounded.
The orc priest struggles against the net.
The orc priest struggles against the net.
The orc priest struggles against the net.
The orc priest struggles against the net.
The orc priest struggles against the net.
The orc priest struggles against the net.
You hit the orc priest.
The orc priest is severely wounded.
The orc priest casts a cantrip, but nothing happens.
The orc priest struggles against the net.
The net rips apart, and the orc priest comes free!
You barely miss the orc priest.
The orc priest is severely wounded.
The orc priest zaps a wand.
The bolt of acid hits you!
The acid burns!
* * * LOW HITPOINT WARNING * * *
It is a wand of acid.
Drink which item? (? for menu, Esc to quit)
You feel better.
The orc priest zaps a wand.
The bolt of acid hits you!
You die...

#.......†...................#
#.......................###.#
#............###.##.......#.#
#...#<...#.....##
#.##.###.#...#
##).############# #.##.#
#....## ....
......###....######.#
#.#.#########...........#####.#
..........)..........)........#
#.........###..o@.......#######
##.......#.............#
#.......#......)......#
####......#.....).......#
..###.....#.......####### #.#
#.....####[####
..###§oo..####.#
..).)†...(.......#
..#....o..#......#


You could see an orc priest.

Vanquished Creatures
  Grinder (D:3)
  A necrophage (D:3)
  2 hounds
  An adder (D:2)
  2 oozes (D:2)
  2 dart slugs
  3 giant geckos
  8 orcs (D:3)
  A giant cockroach (D:1)
  6 hobgoblins
  2 jackals (D:2)
  3 kobolds
  2 bats (D:2)
  3 giant newts
  7 goblins
  5 rats
49 creatures vanquished.

Notes
Turn   | Place    | Note
--------------------------------------------------------------
     0 | D:1      | Kokiki the Ghoul Gladiator began the quest for the Orb.
     0 | D:1      | Reached XP level 1. HP: 17/17 MP: 0/0
   284 | D:1      | Reached XP level 2. HP: 18/24 MP: 1/1
   626 | D:2      | Found an iron altar of Okawaru.
   759 | D:2      | Reached XP level 3. HP: 29/29 MP: 2/2
   848 | D:2      | Found an iron altar of Okawaru.
   856 | D:2      | Became a worshipper of Warmaster Okawaru
  1075 | D:2      | Found a burning altar of Makhleb.
  1080 | D:2      | Reached skill level 1 in Armour
  1080 | D:2      | Reached XP level 4. HP: 34/37 MP: 3/3
  1230 | D:3      | Noticed Grinder
  1238 | D:3      | Paralysed by Grinder for 6 turns
  1258 | D:3      | Killed Grinder
  1258 | D:3      | Reached * piety under Okawaru
  1258 | D:3      | Reached XP level 5. HP: 17/45 MP: 4/4
  1258 | D:3      | Reached XP level 6. HP: 20/51 MP: 5/5
  1468 | D:3      | Noticed a necrophage
  1475 | D:3      | Killed a necrophage
  1754 | D:3      | Killed from afar by an orc priest

Skill      XL: |  1  2  3  4  5  6 |
---------------+-------------------+-----
Throwing       | 2 |  2.0
Dodging        | 3 4 |  4.1
Axes           | 3 4 |  4.3
Armour         | 1 2 |  2.3
Fighting       | 3 4 |  4.1
Stealth        | |  0.2

Action                   |  1- 3 |  4- 6 || total
-------------------------+-------+-------++-------
Melee: War axe           |    90 |    70 ||   160
Throw: Throwing net      |       |     5 ||     5
Invok: Heroism           |       |     2 ||     2
  Use: Scroll            |     5 |     6 ||    11
       Potion            |       |     3 ||     3
 Stab: Held in net/web   |       |     2 ||     2
  Eat: Chunk             |     2 |     1 ||     3
       Meat ration       |     1 |       ||     1
       Beef jerky        |       |     1 ||     1
Armor: Leather armour    |    31 |    11 ||    42
Dodge: Dodged            |    68 |    41 ||   109
Block: Other             |     8 |     5 ||    13
       Reflection        |       |     1 ||     1
